 Dungeon Crawl Stone Soup version 0.28.0-45-g0d030f2227 (webtiles) character file.

Game seed: 6872794000624145092

198 DearestLeader the Shield-Bearer (level 5, -1/47 HPs)
             Began as a Gnoll Fighter on Apr 15, 2022.
             Slain by a gnoll shaman
             ... wielding a +0 dagger of venom
              (4 damage)
             ... on level 4 of the Dungeon.
             The game lasted 00:04:13 (3064 turns).

DearestLeader the Shield-Bearer (Gnoll Fighter)     Turns: 3064, Time: 00:04:14

Health: -1/47      AC:  9    Str: 17    XL:     5   Next: 77%
Magic:  7/7        EV:  9    Int:  8    God:
Gold:   208        SH:  5    Dex: 11    Spells: 7/7 levels left

rFire   . . .      SeeInvis .   m - +4 whip
rCold   + . .      Faith    .   c - +0 buckler
rNeg    . . .      Spirit   .   b - +0 scale mail
rPois   .          Reflect  .   (no helmet)
rElec   .          Harm     .   (no cloak)
rCorr   .          Rampage  .   f - +0 pair of gloves
Will    .....                   (no boots)
Stlth   ..........              (no amulet)
HPRegen 0.15/turn               k - ring of protection from cold
MPRegen 0.10/turn               (no ring)

@: brilliant, lethally poisoned (-1 -> -10), flying
A: fangs 1, strong nose, distributed training
a: no special abilities


You were on level 4 of the Dungeon.
You visited 1 branch of the dungeon, and saw 4 of its levels.

You collected 208 gold pieces.

Inventory:

Hand Weapons
 a - a +0 war axe
 m - a +4 whip (weapon)
 o - a +1 rapier of speed
Missiles
 r - 8 poisoned darts (quivered)
 s - 2 atropa-tipped darts
 t - a throwing net
Armour
 b - a +0 scale mail (worn)
 c - a +0 buckler (worn)
 f - a +0 pair of gloves (worn)
Jewellery
 k - a ring of protection from cold (left hand)
Scrolls
 g - a scroll of blinking {unknown}
 h - a scroll of torment {unknown}
 j - a scroll of identify {unknown}
 l - 2 scrolls of amnesia {unknown}
 n - a scroll of vulnerability {unknown}
 q - a scroll of fog {unknown}
Potions
 d - 2 potions of might
 e - a potion of curing
 i - a potion of haste
 v - a potion of ambrosia {unknown}


   Skills:
 + Level 6.7 Fighting
 + Level 1.6 Short Blades
 + Level 1.6 Long Blades
 + Level 4.8 Axes
 + Level 1.6 Maces & Flails
 + Level 1.6 Polearms
 + Level 1.6 Staves
 + Level 1.6 Slings
 + Level 1.6 Bows
 + Level 1.6 Crossbows
 + Level 1.6 Throwing
 + Level 6.7 Armour
 + Level 1.6 Dodging
 + Level 1.6 Stealth
 + Level 6.7 Shields
 + Level 1.6 Unarmed Combat
 + Level 1.6 Spellcasting
 + Level 1.3 Conjurations
 + Level 1.3 Hexes
 + Level 1.3 Summonings
 + Level 1.3 Necromancy
 + Level 1.3 Translocations
 + Level 1.3 Transmutations
 + Level 1.3 Fire Magic
 + Level 1.3 Ice Magic
 + Level 1.3 Air Magic
 + Level 1.3 Earth Magic
 + Level 1.3 Poison Magic
 + Level 1.8 Invocations
 + Level 1.6 Evocations


You had 7 spell levels left.
You didn't know any spells.
Your spell library was empty.

Dungeon Overview and Level Annotations

Branches:
Dungeon (4/15)
 Temple: D:4-7

Altars:


Innate Abilities, Weirdness & Mutations

You have very sharp teeth.
Your uncanny sense of smell can sniff out nearby items.
Your experience applies equally to all skills.


Message History

Unknown command.
Throw: 9 darts (poison)
Press: ? - help, Q - select action, (/) - cycle Shift-Dir - straight line, f - gnoll shaman
Aim: a gnoll shaman, wielding a +0 dagger of venom and wearing a +0 plate armour (fast, 74% to hit)
You throw a poisoned dart.
The poisoned dart hits the gnoll shaman.
The gnoll shaman is poisoned.
You feel very sick. The gnoll shaman barely misses you.
The gnoll shaman hits you but does no damage.
You are more poisoned.
You whack the gnoll shaman!
The gnoll shaman is heavily wounded.
You feel very sick.
The gnoll shaman prays to its god.
The gnoll shaman is healed somewhat.
You hit the gnoll shaman.
The gnoll shaman is heavily wounded.
You feel very sick.
The gnoll shaman hits you with a +0 dagger of venom!
* * * LOW HITPOINT WARNING * * *
The gnoll shaman prays to its god.
The gnoll shaman is healed somewhat.
It was a potion of curing.
You feel better.
The gnoll shaman hits you with a +0 dagger of venom.
* * * LOW HITPOINT WARNING * * *
You are lethally poisoned!
The gnoll shaman hits you but does no damage.
It was a potion of flight.
You feel very buoyant.
You fly up into the air.
* * * LOW HITPOINT WARNING * * *
You feel very sick. You block the gnoll shaman's attack.
It was a potion of brilliance.
You feel clever all of a sudden.
* * * LOW HITPOINT WARNING * * *
You feel sick.
The gnoll shaman hits you with a +0 dagger of venom.
You die...

.#####..##..........#
........##.....####.#
#####...###.<.## #.#
.<...# ##.## #.#
###...###.#.#####<########
######.###..............#
##.#.##.##.####.##.#
##.###.##.####.##.# #.#
#@##...##.##.#
#.###g##...##.##.#
#.##.l.#.........#
###....#..).#.#.#..#####
.....#...#.............#
............#.#.#..###.#
..##.##.#####......# #.# .
#. #.# ###.##.# #.# #
#.........##.# #.#


You could see a gnoll shaman (fast, poisoned) and an iguana.

Vanquished Creatures
  An iguana (D:4)
  6 gnolls (D:4)
  4 adders
  An ufetubus (D:4)
  2 dart slugs
  5 ball pythons
  9 endoplasms
  2 giant cockroaches
  10 goblins
  9 hobgoblins
  4 jackals (D:2)
  2 bats
  5 frilled lizards
  4 kobolds
  2 rats (D:2)
66 creatures vanquished.

Notes
Turn   | Place    | Note
-------+----------+-------------------------------------------
     0 | D:1      | DearestLeader the Gnoll Fighter began the quest for the
                  | Orb.
     0 | D:1      | Reached XP level 1. HP: 23/23 MP: 1/1
   111 | D:1      | Reached XP level 2. HP: 28/29 MP: 2/2
   420 | D:1      | You fall into a shaft and drop 1 floor!
   503 | D:1      | Reached XP level 3. HP: 35/35 MP: 3/3
   688 | D:2      | Found a faded altar of an unknown god.
   917 | D:2      | Reached skill level 1 in Invocations
   959 | D:2      | Reached skill level 1 in Short Blades
   959 | D:2      | Reached skill level 1 in Long Blades
   959 | D:2      | Reached skill level 1 in Maces & Flails
   959 | D:2      | Reached skill level 1 in Polearms
   959 | D:2      | Reached skill level 1 in Staves
   959 | D:2      | Reached skill level 1 in Slings
   959 | D:2      | Reached skill level 1 in Bows
   959 | D:2      | Reached skill level 1 in Crossbows
   959 | D:2      | Reached skill level 1 in Throwing
   959 | D:2      | Reached skill level 1 in Dodging
   959 | D:2      | Reached skill level 1 in Stealth
   959 | D:2      | Reached skill level 1 in Unarmed Combat
   959 | D:2      | Reached skill level 1 in Spellcasting
   959 | D:2      | Reached skill level 1 in Evocations
  1073 | D:2      | Reached XP level 4. HP: 41/41 MP: 5/5
  2010 | D:3      | Reached skill level 1 in Conjurations
  2010 | D:3      | Reached skill level 1 in Hexes
  2010 | D:3      | Reached skill level 1 in Summonings
  2010 | D:3      | Reached skill level 1 in Necromancy
  2010 | D:3      | Reached skill level 1 in Translocations
  2010 | D:3      | Reached skill level 1 in Transmutations
  2010 | D:3      | Reached skill level 1 in Fire Magic
  2010 | D:3      | Reached skill level 1 in Ice Magic
  2010 | D:3      | Reached skill level 1 in Air Magic
  2010 | D:3      | Reached skill level 1 in Earth Magic
  2010 | D:3      | Reached skill level 1 in Poison Magic
  2456 | D:4      | Reached XP level 5. HP: 26/47 MP: 5/7
  3064 | D:4      | Slain by a gnoll shaman

Illustrated notes

Levels and vault maps discovered:
D:1:      doesnt_arrival_eight_statues, layout_rooms, minmay_fountain_box
D:2:      layout_basic, chequers_ecumenical_altar_island, minmay_pentomino_p2
D:3:      layout_basic, serial_aquarium, aquarium_bridge_island_large
          [aquarium_subvault_large_open, aquarium_subvault_balcony,
          aquarium_subvault_bridge, aquarium_subvault_bridge,
          aquarium_subvault_wall], aquarium_bridge_straight
          [aquarium_subvault_bridge, aquarium_subvault_window,
          aquarium_subvault_bridge, aquarium_subvault_wall], aquarium_window_3,
          aquarium_window_fake, aquarium_window_1, aquarium_view_2b,
          aquarium_balcony_5b
D:4:      layout_loops_ring, nemelex_spade_bored_becter,
          gammafunk_ghost_nasty_kobolds, uniq_menkaure

Skill      XL: |  1  2  3  4 |
---------------+-------------+-----
Invocations    | 1 |  1.8
Short Blades   | 1 |  1.6
Long Blades    | 1 |  1.6
Maces & Flails | 1 |  1.6
Polearms       | 1 |  1.6
Staves         | 1 |  1.6
Slings         | 1 |  1.6
Bows           | 1 |  1.6
Crossbows      | 1 |  1.6
Throwing       | 1 |  1.6
Dodging        | 1 |  1.6
Stealth        | 1 |  1.6
Unarmed Combat | 1 |  1.6
Spellcasting   | 1 |  1.6
Evocations     | 1 |  1.6
Conjurations   | 1 |  1.3
Hexes          | 1 |  1.3
Summonings     | 1 |  1.3
Necromancy     | 1 |  1.3
Translocations | 1 |  1.3
Transmutations | 1 |  1.3
Fire Magic     | 1 |  1.3
Ice Magic      | 1 |  1.3
Air Magic      | 1 |  1.3
Earth Magic    | 1 |  1.3
Poison Magic   | 1 |  1.3
Fighting       | |  6.7
Axes           | |  4.8
Armour         | |  6.7
Shields        | |  6.7

Action                   |  1- 3 |  4- 6 || total
-------------------------+-------+-------++-------
Melee: War axe           |    78 |    20 ||    98
       Bite              |     7 |    12 ||    19
       Rapier            |       |    32 ||    32
       Whip              |       |    49 ||    49
Throw: Dart              |       |    15 ||    15
  Use: Potion            |       |     3 ||     3
Armor: Scale mail        |    26 |    44 ||    70
Dodge: Dodged            |    41 |    53 ||    94
Block: Buckler           |    20 |    34 ||    54
